 Seeded DCSS version 0.32-a0-938-g40ac7a0 (webtiles) character file.

Game seed: 5374850585704956338 (custom seed)

428 brinewave the Sneak (level 6, -6/27 (33) HPs)
             Began as a Vine Stalker Brigand on Apr 22, 2024.
             Mangled by a wight
             ... wielding a +3 mace
              (9 damage)
             ... on level 4 of the Dungeon.
             The game lasted 00:14:31 (3008 turns).

brinewave the Sneak (Vine Stalker Brigand)          Turns: 3008, Time: 00:14:32

HP:   -6/27 (33)    AC:  4    Str: 14    XL:     6   Next: 98%
MP:   0/7           EV: 12    Int: 11    God:
Gold: 99            SH:  0    Dex: 17    Spells: 5/5 levels left

rFire   . . .        a - +2 dagger
rCold   . . .        (no shield)
rNeg    . . .        b - +0 robe
rPois   +            (no helmet)
rElec   .            c - +0 cloak
rCorr   .            u - +0 pair of gloves
SInv    .            (no boots)
Will    +....        (no amulet)
Stlth   +++          p - ring of poison resistance
HPRegen 1.04/turn    (no ring)
MPRegen 0.10/turn

%: guardian spirit
@: enlightened, flying, heavily drained
A: fangs 2, regeneration 1, magic shield, antimagic bite, no potion heal 2
a: no special abilities


You were on level 4 of the Dungeon.
You visited 1 branch of the dungeon, and saw 4 of its levels.

You collected 99 gold pieces.

Inventory:

Hand Weapons
 a - a +2 dagger (weapon)
Missiles
 d - 7 poisoned darts (quivered)
 e - 3 curare-tipped darts
 f - 36 stones
 w - a throwing net
Armour
 b - a +0 robe (worn)
 c - a +0 cloak (worn)
 u - a +0 pair of gloves (worn)
Jewellery
 p - a ring of poison resistance (left hand)
 r - an amulet of reflection
Scrolls
 j - a scroll of immolation {unknown}
 k - a scroll of identify {unknown}
 l - a scroll of enchant weapon {unknown}
 m - a scroll of fog
 q - a scroll of poison {unknown}
 t - a scroll of revelation {unknown}
 v - a scroll of teleportation {unknown}
Potions
 g - a potion of degeneration {unknown}
 h - a potion of brilliance {unknown}
 n - a potion of curing
 o - a potion of haste {unknown}
 x - a potion of lignification {unknown}


   Skills:
 + Level 4.1 Fighting
 + Level 3.9 Short Blades
 - Level 1.7 Throwing
 + Level 3.2 Dodging
 - Level 4.8 Stealth


You had 5 spell levels left.
You didn't know any spells.
Your spell library contained the following spells:

 Spells                   Type           Power      Damage    Failure   Level
 Call Imp                 Summ           0%         N/A       47%         2
 Sublimation of Blood     Necr           0%         N/A       47%         2
 Volatile Blastmotes      Fire/Tloc      0%         2d10      71%         3
 Fulminant Prism          Conj/Alch      0%         3d5       98%         4
 Iskenderun's Mystic Bla Conj/Tloc 0%             2d3        (+2d1     98%         4
 Summon Hydra             Summ           0%         N/A       100%        7


Dungeon Overview and Level Annotations

Branches:
Dungeon (4/15)
 Temple: D:4-7

Altars:
Xom


Innate Abilities, Weirdness & Mutations

You have extremely sharp teeth.
Your natural rate of healing is unusually fast.
When hurt, damage is shared between your health and your magic reserves.
Your bite disrupts and absorbs the magic of your enemies.
Potions cannot restore your health.


Message History

You hit the hound. You bite the hound.
You kill the hound!
x - a cyan potion You see here a +0 dagger.
A dart slug comes into view.
Found a book of Blasting and a scroll of fog.
Found a stone staircase leading up.
A giant cockroach comes into view.
You see here a book of Blasting.
You pick up a book of Blasting and begin reading...
You add the spells Volatile Blastmotes, Fulminant Prism and Iskenderun's Mystic Blast to your library.
You see here a +0 dagger.
The dart slug launches a dart at you. The slug dart misses you.
You see here a +0 halberd.
Things that are here:
a +0 club; a gnoll corpse The wight attacks as it pursues you!
The wight hits you with a +3 mace!
You feel drained. The wight attacks as it pursues you!
The wight barely misses you.
You hit the wight but do no damage. Your bite misses the wight.
The wight hits you with a +3 mace.
You feel drained.
You hit the wight.
The wight is moderately damaged.
The wight hits you with a +3 mace.
You feel drained. The wight attacks as it pursues you!
The wight hits you with a +3 mace!
You feel drained.
Okay, then.
It was a potion of curing.
That felt strangely inert.
The wight closely misses you.
It was a potion of enlightenment.
You feel very buoyant.
You fly up into the air.
The wight hits you with a +3 mace!
* * * LOW HITPOINT WARNING * * *
You feel drained.
* * * LOW HITPOINT WARNING * * *
As you read the scroll labelled BEKLICL FEDU, it crumbles to dust.
It is a scroll of amnesia.
You feel forgetful for a moment. The wight hits you with a +3 mace!
You die...

### ##### #.## ....# #..## .<..#
#...# ....# ######### #.#)# ....#
#.......##########.#.#### ....#
#.......@z..w..)).......#
....#####.......##########......#
[...#........#### # #....)###.#
....#.......## .....##w####.#
............## #.## #..).....
..._.......>.### ###.####..####.#
#####......................# #..
#.........### .##.....## ###
#..<....#.... #...w### #


You could see a wight and a dart slug.

Vanquished Creatures
  A phantom (D:2)
  A scorpion (D:2)
  A wight (D:4)
  A hound (D:4)
  Terence (D:3)
  7 gnolls
  An adder (D:2)
  A ribbon worm (D:3)
  4 dart slugs
  5 orcs
  6 ball pythons
  7 bats
  7 endoplasms
  3 giant cockroaches
  9 hobgoblins
  2 jackals (D:3)
  5 kobolds
  6 quokkas
  4 frilled lizards
  7 goblins
  10 rats
89 creatures vanquished.

Notes
Turn   | Place    | Note
-------+----------+-------------------------------------------
     0 | D:1      | brinewave the Vine Stalker Brigand began the quest for the
                  | Orb.
     0 | D:1      | Reached XP level 1. HP: 11/11 MP: 2/2
   180 | D:1      | Reached skill level 1 in Dodging
   216 | D:1      | Reached XP level 2. HP: 13/15 MP: 1/3
   547 | D:1      | Reached XP level 3. HP: 8/18 MP: 2/4
  1181 | D:2      | Reached XP level 4. HP: 20/23 MP: 3/5
  1336 | D:2      | Noticed a phantom
  1336 | D:2      | Noticed a scorpion
  1737 | D:3      | Noticed Terence
  1738 | D:3      | You fall into a shaft and drop 1 floor!
  1738 | D:4      | Found a shimmering altar of Xom.
  1752 | D:3      | Killed Terence
  1923 | D:3      | Reached XP level 5. HP: 24/25 MP: 6/6
  2702 | D:2      | Killed a phantom
  2703 | D:2      | Reached XP level 6. HP: 28/33 MP: 5/7
  3008 | D:4      | Mangled by a wight

Illustrated notes

Levels and vault maps discovered:
D:1:      dpeg_arrival_round_a, layout_loops_ring
D:2:      layout_loops_ring, minmay_divided_ellipse
D:3:      layout_basic, uniq_terence
D:4:      layout_rooms, overflow_temple_1_default, grunt_temple_overflow_open,
          item_on_display_a

Skill      XL: |  1  2  3  4  5  6 |
---------------+-------------------+-----
Dodging        | 1 2 3 |  3.2
Fighting       | 2 3 4 |  4.1
Short Blades   | 2 3 |  3.9
Throwing       | |  1.7
Stealth        | |  4.8

Action                     |  1- 3 |  4- 6 || total
---------------------------+-------+-------++-------
  Melee: Dagger            |   110 |   157 ||   267
         Bite              |    26 |    48 ||    74
  Throw: Dart              |       |    24 ||    24
    Use: Scroll            |       |     2 ||     2
         Potion            |       |     2 ||     2
   Stab: Sleeping          |     6 |    13 ||    19
         Distracted        |     2 |       ||     2
 Armour: Robe              |    72 |    68 ||   140
  Dodge: Dodged            |    65 |    82 ||   147

Table legend: (Time is in decaauts)
 A = Elapsed time spent in this place.
 B = Non-inter-level travel time spent in this place.
 C = Inter-level travel time spent in this place.
 D = Time resting spent in this place.
 E = Time spent auto-exploring this place.
 F = Levels seen in this place.
 G = Mean time per level.
                   A        B        C        D        E       F      G
               +--------+--------+--------+--------+--------+-----+--------+
         Total |   2971 |   2668 |    303 |     36 |   1556 |   4 |  742.8 |
       Dungeon |   2971 |   2668 |    303 |     36 |   1556 |   4 |  742.8 |
               +--------+--------+--------+--------+--------+-----+--------+

Top non-repeatable levels by time:
     D:2: 1017 daAuts
     D:3: 926 daAuts
     D:1: 789 daAuts
     D:4: 238 daAuts
